 Dungeon Crawl Stone Soup version 0.25.0-10-g039870ee82 (webtiles) character file.

Game seed: 5292573650431221404

309939 Aviak the Unseen (level 20, -1/84 HPs)
             Began as a Spriggan Summoner on June 22, 2020.
             Was an Initiate of Gozag.
             Slain by an ancient zyme (8 damage)
             ... on level 3 of the Abyss.
             The game lasted 02:22:06 (51842 turns).

Aviak the Unseen (Spriggan Summoner)               Turns: 51842, Time: 02:22:06

Health: -1/84      AC: 34    Str:  0      XL:     20   Next: 0%
Magic:  26/29      EV: 35    Int: 26      God:    Gozag
Gold:   2482       SH: 11    Dex: 25 (26) Spells: 10/43 levels left

rFire    . . .     SeeInvis +   m - +8 dagger (speed)
rCold    . . .     Gourm    .   u - +2 buckler
rNeg     + . .     Faith    .   (armour currently unavailable)
rPois    ∞         Spirit   .   R - +0 hat
rElec    +         Reflect  .   K - +2 cloak {Stlth+}
rCorr    .         Harm     .   (gloves unavailable)
MR       +++..                  (boots unavailable)
Stlth    ++++++++..             H - amulet of regeneration
HPRegen  0.00/turn              y - +6 ring of intelligence
MPRegen  0.21/turn              g - +6 ring of dexterity

@: mighty, about to teleport, statue-form, stab, very slightly contaminated,
non-regenerating, mildly diseased, hasted and slowed, lost strength, invisible,
very slow
A: very small, unfitting armour, horns 1, see invisible, agile 1, deterioration
1, [dopey 2], herbivore, [frail 3], low mp 2, slow metabolism 2, [weak 2]
}: 3/15 runes: decaying, serpentine, abyssal
a: End Transformation, Potion Petition, Call Merchant, Bribe Branch, Renounce
Religion


You were on level 3 of the Abyss.
You worshipped Gozag.
Gozag was most pleased with you.
You were hungry.
You were a stone statue.
You visited 7 branches of the dungeon, and saw 34 of its levels.
You visited the Abyss 1 time.

You collected 15769 gold pieces.
You spent 6284 gold pieces at shops.
You paid 7003 gold pieces to Gozag.

Inventory:

Hand Weapons
 m - a +8 dagger of speed (weapon)
 T - a -1 quick blade of venom
Armour
 j - a +2 robe of the Archmagi (melded)
 u - a +2 buckler (worn)
 D - +0 acid dragon scales {rCorr}
 K - a +2 cloak of stealth (worn)
 R - a +0 hat (worn)
Jewellery
 b - an uncursed ring of resist corrosion
 g - a +6 ring of dexterity (right hand)
 h - an uncursed ring of ice
 y - a +6 ring of intelligence (left hand)
 E - a +4 ring of evasion
 F - an uncursed ring of protection from fire
 H - an amulet of regeneration (around neck)
 V - an uncursed ring of wizardry
Wands
 d - a wand of digging (21)
 k - a wand of flame (70)
 p - a wand of enslavement (19)
 w - a wand of iceblast (23)
 A - a wand of clouds (9)
 G - a wand of acid (3)
Scrolls
 i - 5 scrolls of identify
 n - a scroll of silence {!r}
 o - 4 scrolls of magic mapping
 r - 18 scrolls of remove curse
 s - 2 scrolls of summoning {!r}
 t - 6 scrolls of teleportation
 v - 7 scrolls of fog
 x - 5 scrolls of blinking
 L - 3 scrolls of enchant weapon
 M - 3 scrolls of amnesia
 N - 5 scrolls of immolation
 O - 4 scrolls of enchant armour
 P - 5 scrolls of vulnerability {!r}
 U - a scroll of fear
Potions
 a - 3 potions of magic
 c - 8 potions of curing
 e - 4 potions of brilliance
 f - 3 potions of haste
 l - 5 potions of cancellation
 z - 5 potions of ambrosia
 C - a potion of resistance
 I - 8 potions of might
 J - 3 potions of mutation {!q}
 Q - 4 potions of lignification {!q}
 S - 5 potions of flight
 W - 2 potions of berserk rage
 X - a potion of invisibility
 Y - 6 potions of stabbing
Miscellaneous
 q - a tin of tremorstones (inert)
 Z - a phial of floods
Comestibles
 B - 21 rations


   Skills:
 - Level 6.1 Fighting
 - Level 17.6 Short Blades
 - Level 15.6 Dodging
 + Level 19.1 Stealth
 - Level 7.2 Shields
 - Level 12.0 Spellcasting
 + Level 7.4 Conjurations
 - Level 8.0 Hexes
 + Level 12.6 Summonings
 - Level 17.0 Transmutations
 - Level 8.6 Earth Magic
 - Level 10.4 Evocations


You had 10 spell levels left.
You knew the following spells:

 Your Spells              Type           Power        Failure   Level  Hunger
a - Summon Small Mammal   Summ           ####         1%          1    None
b - Call Imp              Summ           ######..     1%          2    None
c - Ensorcelled Hibernat  Hex/Ice        #####.       1%          2    None
d - Dazzling Flash        Conj/Hex       ######       1%          3    None
e - Call Canine Familiar  Summ           ######..     1%          3    None
f - Tukima's Dance        Hex            ######..     1%          3    None
g - Statue Form           Tmut/Erth      ######...    3%          6    #####..
h - Spellforged Servitor  Conj/Summ      ######....   45%         7    ######.
i - Iron Shot             Conj/Erth      ######....   22%         6    #####..

Your spell library contained the following spells:

 Spells                   Type           Power        Failure   Level  Hunger
 Corona                   Hex            ######.      1%          1    None
 Foxfire                  Conj/Fire      ####         1%          1    None
 Sandblast                Erth           ######       1%          1    None
 Summon Butterflies       Summ           ######..     1%          1    None
 Passwall                 Tmut/Erth      ######..     1%          2    None
 Confusing Touch          Hex            ######..     1%          3    None
 Stone Arrow              Conj/Erth      ######       1%          3    None
 Summon Guardian Golem    Hex/Summ       ######..     1%          3    None
 Ice Form                 Ice/Tmut       ######..     1%          4    None
 Leda's Liquefaction      Hex/Erth       ######....   1%          4    None
 Petrify                  Tmut/Erth      ######..     1%          4    None
 Conjure Flame            Conj/Fire      #####...     2%          3    None
 Inner Flame              Hex/Fire       #####...     2%          3    None
 Summon Ice Beast         Ice/Summ       #####...     2%          4    None
 Summon Lightning Spire   Summ/Air       #####...     2%          4    None
 Animate Skeleton         Necr           N/A          3%          1    None
 Apportation              Tloc           ###...       3%          1    None
 Pain                     Necr           ###.         3%          1    None
 Alistair's Intoxication  Tmut/Pois      ######..     3%          5    ###....
 Lee's Rapid Deconstruct  Erth           ######....   3%          5    ###....
 Mephitic Cloud           Conj/Pois/Air  ####....     4%          3    None
 Blink                    Tloc           N/A          5%          2    None
 Poisonous Vapours        Pois/Air       ###...       5%          2    None
 Shroud of Golubria       Chrm/Tloc      ###...       5%          2    None
 Sticky Flame             Conj/Fire      #####...     9%          4    None
 Gell's Gravitas          Tloc           ###.......   11%         3    None
 Lesser Beckoning         Tloc           ###.......   11%         3    None
 Teleport Other           Tloc           ###.....     11%         3    None
 Vampiric Draining        Necr           ###.......   11%         3    None
 Bolt of Magma            Conj/Fire/Erth #####.....   12%         5    ###....
 Metabolic Englaciation   Hex/Ice        #####.....   21%         5    ###....
 Fireball                 Conj/Fire      #####.....   22%         5    ###....
 Iskenderun's Battlesphe  Conj/Chrm      #####...     22%         5    ###....
 Invisibility             Hex            ######..     22%         6    #####..
 Animate Dead             Necr           N/A          36%         4    None
 Passage of Golubria      Tloc           N/A          36%         4    None
 Agony                    Necr           ###.....     71%         5    ###....
 Orb of Destruction       Conj           ######....   83%         7    ######.
 Freezing Cloud           Conj/Ice/Air   ####......   91%         6    #####..
 Ozocubu's Refrigeration  Ice            ###.......   99%         6    #####..
 Simulacrum               Ice/Necr       ###.......   99%         6    #####..
 Ring of Flames           Chrm/Fire      ###.......   100%        7    ######.
 Shatter                  Erth           ######....   100%        9    #######


Dungeon Overview and Level Annotations

Branches:
Dungeon (15/15)            Temple (1/1) D:7            Lair (6/6) D:8
  Swamp (4/4) Lair:3        Snake (4/4) Lair:3        Slime (0/5) Lair:6
    Orc (2/2) D:12            Elf (0/3) Orc:2        Vaults (2/5) D:14
  Crypt: Vaults:2-3  Depths: D:15

Altars:
Ashenzari
Cheibriados
Dithmenos
Elyvilon
Fedhas
Gozag
Hepliaklqana
Kikubaaqudgha
Makhleb
Nemelex Xobeh
Okawaru
Qazlal
Ru
Sif Muna
Trog
Uskayaw
Vehumet
Wu Jian
Xom
Yredelemnul
Zin
The Shining One
Beogh

Shops:
D:8 :[   D:9 *   D:12 *:   D:13 *   Orc:1 (   Orc:2 (:}*   Swamp:1 (
Vaults:1 [=

Annotations:
D:9 1 runed translucent door, MisterFreud's ghost, novice DDFi
Lair:6 exclusion: 2 oklob plants


Innate Abilities, Weirdness & Mutations

You are very small and have problems with some larger weapons.
You are too small for most types of armour.
You have supernaturally acute eyesight. (SInv)
You are a herbivore.
((You cover ground extremely quickly.))
You need to consume almost no food.
You have a pair of small horns on your head.
You are agile. (Dex +2)
Your body sometimes deteriorates upon taking damage.
Your magical capacity is very low. (-20% MP)
[You are very dopey. (Int -4)]
[You are extremely frail. (-30% HP)]
[You are very weak. (Str -4)]


Message History

* * * LOW HITPOINT WARNING * * *
The ancient zyme hits you but does no damage. x2
You can move again.
Unknown command.
Unknown command.
Unknown command.
Okay, then.
As you read the scroll of teleportation, it crumbles to dust.
You feel strangely unstable.
You feel the power of the Abyss delaying your translocation!
The nagaraja hits you from afar with a +0 spear.
* * * LOW HITPOINT WARNING * * *
You block the ancient zyme's attack. x2
The nagaraja hits you from afar with a +0 spear.
* * * LOW HITPOINT WARNING * * *
The wretched star glows turbulently.
The lance of force hits you but does no damage.
The ancient zyme hits you!
You die...
Your body crumbles into a pile of gold.

#... ##X
. #.. #.#
.
#.∩.'$.#
. ##...#.
## #..
###.#
.#####.#
##...'##
##.$$..#
#8x.#$..#
##*N...##
##...##
3#####...
.. .#. .#
## ... #.


You could see a nagaraja (fast), a wretched star and an ancient zyme.

Vanquished Creatures
  Jorgrun (D:14)
  Gastronok (Lair:2)
  Frances (Snake:1)
  Kirke (Snake:1)
  5 thorn hunters
  2 tentacled starspawn (Abyss:3)
  Agnes (Snake:2)
  Roxanne (Snake:1)
  10 nagarajas
  3 vault wardens (Vaults:1)
  An orc warlord (Orc:2)
  Aizul (Snake:2)
  Louise (Snake:4)
  A deep elf demonologist (Vaults:2)
  5 ironheart preservers
  A deep elf annihilator (Vaults:1)
  Snorg (D:10)
  A merfolk javelineer (Abyss:3)
  Josephine (D:10)
  Fannar (D:10)
  A rakshasa (Vaults:1)
  2 ghost crabs (Swamp:3)
  An ice dragon (Vaults:1)
  23 hydras
  15 naga warriors
  10 vault guards
  16 two-headed ogres
  Erica (D:9)
  3 centaur warriors
  2 death knights
  5 anacondas
  2 ogre magi (Vaults:1)
  2 shambling mangroves
  A catoblepas (Lair:4)
  6 death yaks (Lair:6)
  17 alligators
  Urug (Lair:6)
  3 thrashing horrors (Abyss:3)
  7 shock serpents
  8 naga sharpshooters
  5 orc high priests (Orc:2)
  A wretched star (Abyss:3)
  A large abomination (Abyss:3)
  3 deep elf knights (Vaults:1)
  2 salamander mystics
  4 unseen horrors
  A glowing orange brain (Abyss:3)
  2 spriggan druids
  9 swamp dragons
  3 wizards (D:14)
  A flayed ghost (Vaults:1)
  5 naga ritualists
  3 deep elf archers
  6 orc knights
  3 ironbrand convokers (Vaults:1)
  2 manticores
  14 ugly things
  7 mana vipers
  An orb spider (shapeshifter) (Vaults:1)
  6 orc sorcerers
  A cyclops (Orc:1)
  8 deep elf magi
  A worldbinder (Abyss:3)
  16 salamanders
  A gargoyle (D:10)
  17 naga magi
  An apocalypse crab (Abyss:3)
  5 guardian serpents
  36 black mambas
  A smoke demon (Abyss:3)
  4 vault sentinels (Vaults:1)
  17 spiny frogs
  3 rime drakes (Lair:4)
  Maggie (D:6)
  5 komodo dragons
  A freezing wraith (Vaults:1)
  A hellwing (Abyss:3)
  9 trolls
  A wolf spider simulacrum (D:14)
  6 polar bears
  20 hornets
  A harpy skeleton (D:15)
  21 slime creatures
  4 tyrant leeches
  19 blink frogs
  21 hippogriffs
  A small abomination (Abyss:3)
  6 bog bodies
  3 dream sheep
  2 shadows
  5 starcursed masses (Abyss:3)
  4 wraiths
  22 yaks
  22 spriggans
  3 water elementals
  16 basilisks
  8 wyverns
  17 humans (D:14)
  A steam dragon (D:12)
  5 neqoxecs
  Eustachio (D:5)
  2 hungry ghosts
  A vampire mosquito (D:12)
  56 nagas
  14 swamp worms
  4 wargs
  13 porcupines
  22 water moccasins
  12 swamp drakes
  3 black bears
  48 orc warriors
  2 sky beasts (D:9)
  4 boggarts (Lair:6)
  25 wolves
  3 ice beasts
  4 necrophages (Lair:2)
  A phantom (D:9)
  2 eyes of draining
  21 ogres
  30 centaurs
  14 crocodiles
  6 big kobolds
  15 bullfrogs
  A wyvern zombie (D:13)
  2 wyvern skeletons
  11 scorpions
  8 killer bees
  5 wights
  8 electric eels
  2 howler monkeys
  5 crimson imps
  A jelly (D:10)
  A quasit (Abyss:3)
  4 centaur zombies
  37 orc priests
  A yaktaur simulacrum (Vaults:1)
  5 hounds
  A gnoll shaman (D:6)
  2 bullfrog skeletons
  An iguana (D:8)
  3 centaur skeletons
  24 orc wizards
  10 worker ants
  3 hell rats (Lair:3)
  A killer bee zombie (D:9)
  2 worker ant zombies
  7 gnolls
  12 adders
  5 river rats (Lair:3)
  3 shadow imps
  An ooze (D:4)
  2 adder skeletons
  2 adder zombies
  A worm (D:2)
  3 leopard geckos
  106 orcs
  3 giant cockroaches
  5 goblins
  3 hobgoblins
  5 jackals
  11 kobolds
  2 quokkas
  A ball python (D:2)
  6 bats
  4 frilled lizards
  14 rats
  7 briar patches (Swamp:4)
  A lurking horror (Abyss:3)
1226 creatures vanquished.

Vanquished Creatures (collateral kills)
  A vault guard (D:14)
  2 wraiths
  6 nagas
  A porcupine (Lair:1)
  An orc warrior (Orc:2)
  A sky beast (D:7)
  3 ogres
  2 phantoms
  A necrophage (Lair:2)
  3 wolves (Lair:6)
  Blork the orc (D:4)
  A bullfrog (D:8)
  A wyvern skeleton (D:13)
  A killer bee (D:7)
  11 wights
  A crimson imp (D:8)
  An orc priest (Orc:2)
  3 orc wizards
  Terence (D:3)
  A bullfrog skeleton (D:13)
  An iguana (D:4)
  Robin (D:3)
  4 adders
  2 worms (D:2)
  3 leopard geckos
  12 orcs
  3 giant cockroaches
  11 goblins
  11 hobgoblins
  2 kobolds (D:1)
  A ball python (D:1)
  3 bats
  2 frilled lizards (D:1)
  2 rats (D:1)
101 creatures vanquished.

Vanquished Creatures (others)
  A large abomination (Abyss:3)
  A wizard (D:14)
  A spiny frog (Lair:6)
  A polar bear (Lair:6)
  8 dancing weapons
  3 humans (Snake:1)
  A naga (Snake:4)
  A wolf (Lair:6)
  2 small abominations (Abyss:3)
  An ufetubus (Abyss:3)
  An orc (Orc:2)
  2 briar patches (Swamp:4)
  2 bushes (D:8)
  34 fungi
  21 plants
  2 starspawn tentacles (Abyss:3)
82 creatures vanquished.

Grand Total: 1409 creatures vanquished

Notes
Turn   | Place    | Note
-------+----------+-------------------------------------------
     0 | D:1      | Aviak the Spriggan Summoner began the quest for the Orb.
     0 | D:1      | Reached XP level 1. HP: 9/9 MP: 5/5
   489 | D:1      | Reached XP level 2. HP: 1/13 MP: 5/7
  1055 | D:1      | Reached skill level 4 in Stealth
  1497 | D:2      | Found a stormy altar of Qazlal.
  1511 | D:2      | Found an ancient bone altar of Kikubaaqudgha.
  1525 | D:2      | Reached XP level 3. HP: 16/16 MP: 8/8
  1773 | D:2      | Learned a level 2 spell: Call Imp
  1987 | D:2      | Reached skill level 5 in Stealth
  1995 | D:2      | Reached XP level 4. HP: 21/21 MP: 9/9
  2395 | D:2      | Reached skill level 5 in Dodging
  2667 | D:3      | Noticed Terence
  2667 | D:3      | Noticed Robin
  2868 | D:3      | Found a basalt altar of Yredelemnul.
  2999 | D:3      | Killed Robin
  3125 | D:3      | Killed Terence
  3397 | D:3      | Reached skill level 6 in Stealth
  3415 | D:3      | Reached XP level 5. HP: 20/24 MP: 8/10
  3446 | D:3      | Found a sacrificial altar of Ru.
  3465 | D:3      | Found a shattered altar of Ashenzari.
  3471 | D:3      | Found a shadowy altar of Dithmenos.
  3719 | D:3      | Noticed an ogre
  3720 | D:3      | Found a white marble altar of Elyvilon.
  3746 | D:3      | Killed an ogre
  4219 | D:4      | Found a shimmering blue altar of Sif Muna.
  4252 | D:4      | Reached skill level 7 in Stealth
  4259 | D:4      | HP: 1/24 [orc wizard/puff of frost (6)]
  4276 | D:4      | Reached XP level 6. HP: 22/28 MP: 2/11
  4956 | D:4      | Reached skill level 8 in Stealth
  5374 | D:4      | Reached XP level 7. HP: 32/32 MP: 12/12
  5428 | D:4      | Found an ornate altar of the Wu Jian Council.
  5492 | D:4      | Noticed Blork the orc
  5509 | D:4      | Killed Blork the orc
  5509 | D:4      | Reached skill level 9 in Stealth
  5785 | D:4      | Reached skill level 1 in Short Blades
  6035 | D:5      | Entered Level 5 of the Dungeon
  6159 | D:5      | Found a burning altar of Makhleb.
  6161 | D:5      | Noticed an Executioner
  6174 | D:5      | Noticed Eustachio
  6178 | D:5      | Reached skill level 1 in Fighting
  6200 | D:5      | Killed Eustachio
  6463 | D:5      | Found a shadowy altar of Dithmenos.
  6719 | D:5      | Found a sparkling altar of Nemelex Xobeh.
  6732 | D:5      | Learned a level 2 spell: Ensorcelled Hibernation
  6736 | D:5      | Learned a level 3 spell: Dazzling Flash
  6927 | D:6      | Reached XP level 8. HP: 38/38 MP: 13/13
  6937 | D:6      | Reached skill level 1 in Hexes
  7112 | D:6      | Reached skill level 10 in Stealth
  7159 | D:6      | Reached skill level 1 in Conjurations
  7234 | D:6      | Found a shimmering altar of Xom.
  8062 | D:6      | Noticed Maggie
  8077 | D:6      | Killed Maggie
  8077 | D:6      | Reached skill level 5 in Spellcasting
  8710 | D:6      | Reached XP level 9. HP: 39/42 MP: 15/18
  9008 | D:7      | Reached skill level 5 in Hexes
  9478 | D:7      | Found a staircase to the Ecumenical Temple.
  9542 | Temple   | Entered the Ecumenical Temple
  9733 | Temple   | Became a worshipper of Gozag Ym Sagoz the Greedy
 10313 | D:8      | Found a staircase to the Lair.
 10701 | D:8      | Identified the cursed +1 plate armour "Solean" {*Slow rF++}
 11101 | D:8      | Noticed a two-headed ogre
 11148 | D:8      | Killed a two-headed ogre
 11148 | D:8      | Reached XP level 10. HP: 35/46 MP: 3/23
 11455 | D:8      | Reached skill level 5 in Short Blades
 12219 | D:8      | Found Xashreogu's Armour Shoppe.
 12224 | D:8      | Bought a scarf of repulsion for 120 gold pieces
 12344 | Lair:1   | Entered Level 1 of the Lair of Beasts
 12418 | Lair:1   | Noticed a spiny frog
 12425 | Lair:1   | Killed a spiny frog
 12619 | Lair:1   | Noticed a spiny frog
 12626 | Lair:1   | Killed a spiny frog
 12695 | Lair:1   | Reached skill level 10 in Dodging
 12695 | Lair:1   | Reached skill level 11 in Stealth
 13603 | Lair:2   | Learned a level 3 spell: Call Canine Familiar
 13887 | Lair:2   | Reached XP level 11. HP: 51/51 MP: 19/24
 14034 | Lair:2   | Noticed Gastronok
 14047 | Lair:2   | Killed Gastronok
 14047 | Lair:2   | Reached skill level 12 in Stealth
 15154 | Lair:3   | Noticed a six-headed hydra
 15476 | Lair:3   | Reached skill level 5 in Fighting
 15711 | Lair:3   | Reached skill level 13 in Stealth
 16444 | Lair:3   | Found a staircase to the Snake Pit.
 16472 | Lair:3   | Reached XP level 12. HP: 40/58 MP: 11/25
 17045 | Lair:3   | Noticed a seven-headed hydra
 17069 | Lair:3   | Killed a six-headed hydra
 17110 | Lair:3   | Killed a seven-headed hydra
 17271 | Lair:3   | Found a staircase to the Swamp.
 17494 | Lair:4   | You fall into a shaft and drop 2 floors!
 17494 | Lair:6   | Entered Level 6 of the Lair of Beasts
 17538 | Lair:6   | Noticed a death yak
 17541 | Lair:6   | Noticed a death yak
 17541 | Lair:6   | Noticed a death yak
 17547 | Lair:6   | Noticed a death yak
 17555 | Lair:6   | Noticed a death yak
 17559 | Lair:6   | Noticed a death yak
 17582 | Lair:6   | Killed a death yak
 17582 | Lair:6   | Reached skill level 14 in Stealth
 17599 | Lair:6   | Killed a death yak
 17605 | Lair:6   | Killed a death yak
 17605 | Lair:6   | Reached skill level 10 in Short Blades
 17612 | Lair:6   | Killed a death yak
 17790 | Lair:6   | Killed a death yak
 17794 | Lair:6   | Killed a death yak
 18391 | Lair:6   | Paralysed by a hornet for 3 turns
 18624 | Lair:6   | Learned a level 3 spell: Tukima's Dance
 18629 | Lair:6   | Reached skill level 15 in Stealth
 18851 | Lair:6   | Reached skill level 10 in Spellcasting
 19128 | Lair:6   | Noticed a four-headed hydra
 19148 | Lair:6   | Killed a four-headed hydra
 19148 | Lair:6   | Reached XP level 13. HP: 62/64 MP: 19/28
 19254 | Lair:6   | Found a staircase to the Slime Pits.
 19352 | Lair:6   | Reached skill level 1 in Evocations
 19745 | Lair:5   | Reached skill level 5 in Evocations
 20937 | Lair:4   | Reached skill level 10 in Evocations
 21112 | Lair:4   | Reached skill level 1 in Shields
 22724 | Lair:6   | Reached skill level 5 in Shields
 22852 | Lair:6   | Noticed Urug
 22882 | Lair:6   | Killed Urug
 22929 | Lair:6   | Reached XP level 14. HP: 67/68 MP: 22/29
 23727 | D:9      | Found a glowing silver altar of Zin.
 23810 | D:9      | Found a runed translucent door.
 23815 | D:9      | Noticed MisterFreud's ghost (novice DDFi)
 23818 | D:9      | Noticed Erica
 23828 | D:9      | Killed Erica
 24393 | D:9      | Found Horr's Lightly-Used Armoury.
 24693 | D:10     | Entered Level 10 of the Dungeon
 24693 | D:10     | Noticed Josephine
 24696 | D:10     | Noticed Snorg
 24699 | D:10     | Killed Josephine
 24704 | D:10     | Killed Snorg
 26855 | D:9      | Bought a -1 quick blade for 130 gold pieces
 27088 | D:12     | Found a staircase to the Orcish Mines.
 27335 | D:12     | Learned a level 6 spell: Statue Form
 27664 | D:12     | You fall into a shaft and drop 1 floor!
 27749 | D:13     | Reached skill level 1 in Transmutations
 27918 | D:13     | Found Lomupic's Assorted Antiques.
 27926 | D:13     | Bought a fizzy green potion for 32 gold pieces
 27956 | D:13     | Reached skill level 1 in Earth Magic
 28859 | D:12     | Reached skill level 15 in Dodging
 29481 | Orc:1    | Entered Level 1 of the Orcish Mines
 29688 | Orc:1    | Found Xocuery's Antique Weapon Boutique.
 30019 | Orc:2    | Entered Level 2 of the Orcish Mines
 30308 | Orc:2    | Found a roughly hewn altar of Beogh.
 30541 | Orc:2    | Found Hymy's Book Emporium.
 30545 | Orc:2    | Reached skill level 5 in Transmutations
 30556 | Orc:2    | Found Cecvyaf's Antique Weapon Shoppe.
 31010 | Orc:2    | Reached XP level 15. HP: 73/73 MP: 24/30
 31505 | Orc:2    | Found a staircase to the Elven Halls.
 31998 | Orc:2    | Noticed an orc warlord
 32061 | Orc:2    | Killed an orc warlord
 32061 | Orc:2    | Reached skill level 5 in Earth Magic
 32103 | Orc:2    | Found Ziucluych's Gadget Emporium.
 32412 | Orc:2    | Bought a tin of tremorstones (3/3) for 440 gold pieces
 32412 | Orc:2    | Bought a wand of clouds (5) for 297 gold pieces
 32436 | Orc:2    | Found a roughly hewn altar of Beogh.
 32457 | Orc:2    | Found Vorusadu's General Store.
 33075 | D:12     | Bought 2 scrolls of identify for 140 gold pieces
 33075 | D:12     | Bought a scroll labeled UTAUSO DOROL for 35 gold pieces
 33075 | D:12     | Bought a viscous grey potion for 31 gold pieces
 33075 | D:12     | Bought a scroll of enchant armour for 262 gold pieces
 33122 | D:12     | Bought a manual of Short Blades for 1987 gold pieces
 33122 | D:12     | Bought a book of Power for 810 gold pieces
 34675 | D:14     | You fall into a shaft and drop 1 floor!
 34675 | D:15     | Entered Level 15 of the Dungeon
 34779 | D:14     | Noticed Jorgrun
 34807 | D:14     | Killed Jorgrun
 34807 | D:14     | Reached skill level 10 in Transmutations
 35015 | D:14     | Identified a scroll of acquirement
 35074 | D:14     | Found a gate to the Vaults.
 35444 | D:8      | Bought a manual of Summonings for 1435 gold pieces
 35526 | Swamp:1  | Entered Level 1 of the Swamp
 35820 | Swamp:1  | Found a snail-covered altar of Cheibriados.
 35839 | Swamp:1  | Got a tattered robe
 35840 | Swamp:1  | Identified the cursed +0 robe of Filigreed Freedom
                  | {*Corrode +Blink Regen+ Dex-2} (You found it on level 1 of
                  | the Swamp)
 35901 | Swamp:1  | Noticed a thorn hunter
 35913 | Swamp:1  | Killed a thorn hunter
 36481 | Swamp:1  | Reached XP level 16. HP: 36/77 MP: 19/31
 37212 | Swamp:2  | Reached skill level 15 in Short Blades
 38010 | Swamp:3  | Noticed a thorn hunter
 38037 | Swamp:3  | Killed a thorn hunter
 38801 | Swamp:4  | Entered Level 4 of the Swamp
 39064 | Swamp:4  | Noticed a thorn hunter
 39109 | Swamp:4  | Killed a thorn hunter
 39257 | Swamp:4  | Noticed a thorn hunter
 39272 | Swamp:4  | Killed a thorn hunter
 39293 | Swamp:4  | Reached skill level 5 in Summonings
 39326 | Swamp:4  | Noticed a thorn hunter
 39376 | Swamp:4  | Killed a thorn hunter
 39451 | Swamp:4  | Got a decaying rune of Zot
 40453 | Snake:1  | Entered Level 1 of the Snake Pit
 40499 | Snake:1  | Noticed Roxanne
 40531 | Snake:1  | Reached XP level 17. HP: 81/81 MP: 2/32
 40571 | Snake:1  | Gained mutation: [You are weak. (Str -2)] [mutagenic glow]
 41008 | Snake:1  | Reached skill level 15 in Transmutations
 41008 | Snake:1  | Reached XP level 18. HP: 86/86 MP: 33/33
 41009 | Snake:1  | Lost mutation: [You are weak. (Str -2)] [potion of
                  | mutation]
 41009 | Snake:1  | Gained mutation: You possess an exceptional clarity of
                  | mind. [potion of mutation]
 41009 | Snake:1  | Gained mutation: You are resistant to hostile enchantments.
                  | (MR+) [potion of mutation]
 41055 | Snake:1  | Noticed Kirke
 41066 | Snake:1  | Killed Kirke
 41858 | Snake:1  | Noticed Frances
 41865 | Snake:1  | Killed Frances
 42460 | Snake:1  | Killed Roxanne
 43181 | Snake:2  | You fall into a shaft and drop 1 floor!
 43681 | Snake:2  | Noticed Aizul
 43688 | Snake:2  | Killed Aizul
 43706 | Snake:2  | Noticed Agnes
 43719 | Snake:2  | Killed Agnes
 43758 | Snake:2  | Learned a level 7 spell: Spellforged Servitor
 43765 | Snake:2  | Learned a level 6 spell: Iron Shot
 45042 | Snake:3  | Reached skill level 16 in Stealth
 45258 | Snake:3  | Reached skill level 10 in Summonings
 46001 | Snake:4  | Entered Level 4 of the Snake Pit
 46097 | Snake:4  | Noticed Louise
 46552 | Snake:4  | Killed Louise
 46944 | Snake:4  | Reached XP level 19. HP: 83/90 MP: 21/35
 47177 | Snake:4  | Reached skill level 5 in Conjurations
 48013 | Snake:4  | Reached skill level 17 in Stealth
 48284 | Snake:4  | Got a serpentine rune of Zot
 48674 | D:10     | Noticed Fannar
 48687 | D:10     | Killed Fannar
 48802 | Vaults:1 | Entered Level 1 of the Vaults
 49508 | Vaults:1 | Reached skill level 18 in Stealth
 49824 | Vaults:1 | Found Neqifah's Armour Shoppe.
 49827 | Vaults:1 | Bought a +2 robe of the Archmagi for 565 gold pieces
 50693 | Vaults:2 | Cast into level 2 of the Abyss (death knight)
 50701 | Abyss:2  | Found a sacrificial altar of Ru.
 50731 | Abyss:2  | Gained mutation: You do not regenerate when monsters are
                  | visible. [a neqoxec]
 50743 | Abyss:2  | Lost mutation: You do not regenerate when monsters are
                  | visible. [potion of mutation]
 50743 | Abyss:2  | Lost mutation: You are resistant to hostile enchantments.
                  | (MR+) [potion of mutation]
 50743 | Abyss:2  | Lost mutation: You possess an exceptional clarity of mind.
                  | [potion of mutation]
 50743 | Abyss:2  | Gained mutation: You have a pair of small horns on your
                  | head. [potion of mutation]
 50743 | Abyss:2  | Gained mutation: Your body sometimes deteriorates upon
                  | taking damage. [potion of mutation]
 50743 | Abyss:2  | Gained mutation: You are agile. (Dex +2) [potion of
                  | mutation]
 50834 | Abyss:3  | Found a corrupted altar of Lugonu.
 51327 | Abyss:3  | Gained mutation: Your magical capacity is low. (-10% MP) [a
                  | neqoxec]
 51426 | Abyss:3  | Noticed a profane servitor
 51570 | Abyss:3  | Gained mutation: Your magical capacity is very low. (-20%
                  | MP) [a neqoxec]
 51745 | Abyss:3  | Reached skill level 19 in Stealth
 51831 | Abyss:3  | Reached XP level 20. HP: 65/65 MP: 24/29
 51835 | Abyss:3  | Got an abyssal rune of Zot
 51837 | Abyss:3  | Lost strength.
 51842 | Abyss:3  | Slain by an ancient zyme

Illustrated notes

Levels and vault maps discovered:
D:1:      evilmike_arrival_plus, layout_rooms
D:2:      lemuel_upstairs_altar, layout_loops_ring, overflow_temple_1_default,
          nicolae_overflow_crystal_walls, first_ration
D:3:      layout_rooms, lemuel_round_altar, yredelemnul_altar_generic,
          gammafunk_temple_overflow_statue, nicolae_ru_awakened_eye,
          serial_corexii_hall, corexii_hall_statues_deadend,
          corexii_hall_statues_i, uniq_terence, uniq_robin
D:4:      wander_river, layout_gridville, kennysheep_little_box, led_sif_pool,
          kennysheep_opposing_triangles, uniq_blork_the_orc
D:5:      layout_rooms, makhleb_altar_promises_db,
          nemelex_xobeh_ov_fountains_minmay, grunt_dithmenos_shadows,
          uniq_eustachio
D:6:      layout_loops_corners, lemuel_coloured_pillars_altar, uniq_maggie
D:7:      layout_cave_pools, minmay_temple_entry_butterflies
D:8:      layout_loops_ring, minmay_lair_entry_grove, serial_shops, shop,
          minmay_hedge_maze
D:9:      layout_stronghold, lemuel_doored_altar, serial_rivers,
          chequers_serial_rivers_large_b, chequers_serial_rivers_small_3,
          chequers_serial_rivers_small_a, chequers_serial_rivers_room_a,
          chequers_serial_rivers_micro_e, ebering_ghost_reflecting_pool,
          hangedman_ranch [blue_anna_fruit_fields], minmay_shop_damaged,
          hive_lemuel, uniq_erica
D:10:     layout_long_grid, nrook_loot_triangle, uniq_snorg, uniq_josephine,
          uniq_fannar
D:11:     layout_irregular_city
D:12:     layout_basic, erik_orc_3, kennysheep_kite_vault
D:13:     layout_basic, serial_shops, shop_statue, drop_trap
D:14:     layout_loops_corners, grunt_vaults_entry_tiered,
          hangedman_abyss_or_decor_jellyfish_corner, uniq_jorgrun
D:15:     grunt_enter_depths_snipers, layout_basic, hangedman_decor_opposing,
          serial_shops, nicolae_shop_stone, fungi_pond_lemuel,
          small_statue_intersection, fedhas_altar_3
Temple:   compressed_dpeg_triangle_lava_temple
Lair:1:   layout_loops_ring, infiniplex_staircase_pool_2, grunt_megastairs_4
Lair:2:   layout_cave_pods, roderic_carrion_pond, uniq_gastronok
Lair:3:   layout_small_grid, palyth_hydra_swamp_entry,
          guppyfry_snake_entry_island, chequers_serial_rivers_micro_d,
          kennysheep_abandoned_house
Lair:4:   layout_roguey [special_room_mythical_zoo], forest_entry_grove,
          serial_bayou_shore_b
Lair:5:   beast_lair_carwin_large_4, layout_small_grid,
          chequers_serial_rivers_micro_e
Lair:6:   minmay_lair_end_enchanted_forest, layout_regular_city,
          minmay_slime_entry_oklob_open, uniq_urug
Swamp:1:  layout_basic_swamp, basic_altar
Swamp:2:  layout_basic_swamp, infiniplex_staircase_pool
Swamp:3:  layout_falls_marsh, evilmike_swamp_ruin_house_6
Swamp:4:  swamp, layout_basic_swamp
Snake:1:  layout_honeycomb, serial_bayou_shore_a, uniq_kirke, uniq_roxanne,
          uniq_frances
Snake:2:  layout_layer_cave, special_room, uniq_aizul, uniq_agnes
Snake:3:  layout_gridlike, lemuel_fruit_tree, grunt_megastairs_2
Snake:4:  minmay_snake_end_coiled, layout_cave_town, uniq_louise
Orc:1:    layout_caves, serial_shops, shop
Orc:2:    pubby_orc_utopia, serial_shops
Vaults:1: nicolae_vaults_stairing_the_circle, v_misc_11, v_misc_9, v_misc_27,
          vaults_standard_mumra_enter_the_diamond, v_misc_9,
          vaults_room_stairs_pillars, nicolae_vaults_meeting,
          nicolae_vaults_ring_of_whatevers, layout_vaults_ring, serial_shops,
          nicolae_shop_statue_plus
Vaults:2: v_misc_33, v_misc_11, ontoclasm_vaults_pinch, v_misc_3,
          ontoclasm_vaults_idyll, v_misc_2, nicolae_vaults_gold_heap,
          nicolae_vaults_network_barrier, v_rooms_2,
          nicolae_vaults_circle_grid_b, st_check, layout_vaults_omnibox,
          serial_shops, nicolae_shop_waterfront, uniq_jory, uniq_nikola,
          uniq_mara
Abyss:3:  base: Swamp:4, evilmike_abyss_rune_siren_acolytes,
          evilmike_abyss_exit_10, lemuel_flamethrower_hall,
          lemuel_flamethrower_hall, lemuel_flamethrower_hall,
          nicolae_abyss_rune_star_stuff, nicolae_abyss_rune_star_stuff,
          hangedman_summoners_spam, hangedman_summoners_spam,
          doesnt_abyss_rune_brain_food, bh_abyss_exit_grid,
          nicolae_abyss_rune_left_handed, nicolae_abyss_rune_left_handed,
          evilmike_abyss_exit_14, serial_sigils_hangedman_quiver

Skill      XL: |  1  2  3  4  5  6  7  8  9 10 11 12 13 14 15 16 17 18 19 |
---------------+----------------------------------------------------------+-----
Spellcasting   | 3 5 8 10 11 12 | 12.0
Stealth        | 4 5 6 7 8 9 10 11 13 15 16 19 | 19.1
Dodging        | 4 5 6 8 9 10 12 14 15 | 15.6
Short Blades   | 2 4 7 9 10 11 12 14 16 17 | 17.6
Fighting       | 1 3 5 6 |  6.1
Hexes          | 4 7 8 |  8.0
Conjurations   | 2 4 7 |  7.4
Evocations     | 10 | 10.4
Shields        | 5 7 |  7.2
Transmutations | 5 10 14 15 17 | 17.0
Earth Magic    | 3 7 8 |  8.6
Summonings     | 6 7 10 12 | 12.6

Action                   |  1- 3 |  4- 6 |  7- 9 | 10-12 | 13-15 | 16-18 | 19-21 || total
-------------------------+-------+-------+-------+-------+-------+-------+-------++-------
Melee: Dagger            |    89 |   149 |   445 |   509 |  1807 |   864 |   546 ||  4409
       Unarmed           |    10 |       |       |       |       |       |       ||    10
       Headbutt          |       |       |       |       |       |       |    44 ||    44
 Cast: Summon Small Mamm |    50 |     3 |       |       |       |       |       ||    53
       Call Imp          |     3 |    41 |    43 |    12 |     4 |     3 |       ||   106
       Ensorcelled Hiber |       |       |    15 |   103 |   217 |   117 |     8 ||   460
       Dazzling Flash    |       |       |    16 |    64 |   214 |   154 |   122 ||   570
       Call Canine Famil |       |       |       |     6 |    18 |     2 |       ||    26
       Tukima's Dance    |       |       |       |       |    50 |    20 |     9 ||    79
       Statue Form       |       |       |       |       |       |    11 |    19 ||    30
Invok: Potion Petition   |       |       |       |     1 |       |     4 |     2 ||     7
       Call Merchant     |       |       |       |       |     3 |     1 |     1 ||     5
 Abil: End Transformatio |       |       |       |       |       |       |     3 ||     3
Evoke: Wand              |       |       |       |     5 |    19 |    22 |     5 ||    51
       Tin of tremorston |       |       |       |       |     3 |     6 |     8 ||    17
  Use: Scroll            |     3 |     1 |     3 |    11 |    24 |     8 |     5 ||    55
       Potion            |       |     1 |     2 |     1 |     3 |     8 |     3 ||    18
 Stab: Sleeping          |    13 |     6 |    29 |    65 |   174 |    71 |    25 ||   383
       Distracted        |     1 |       |     2 |     8 |    28 |    14 |     3 ||    56
       Invisible         |       |       |    10 |    55 |   259 |   142 |   100 ||   566
  Eat: Ration            |       |     3 |     4 |     4 |    10 |     7 |     5 ||    33
Armor: Robe              |    18 |    19 |     8 |       |       |       |       ||    45
       Acid dragon scale |       |       |    37 |    32 |    57 |    30 |     6 ||   162
       Skin              |       |       |       |       |       |    93 |    77 ||   170
Dodge: Dodged            |   101 |   118 |   423 |   390 |   974 |   661 |   471 ||  3138
       Repelled          |       |       |       |     2 |    11 |     1 |       ||    14
Block: Buckler           |       |       |       |       |   355 |   288 |   202 ||   845
